 Dungeon Crawl Stone Soup version 0.19.0-2-gae57169 (webtiles) character file.

10591 hurricos the Brawler (level 11, -12/84 HPs)
             Began as a Ghoul Wanderer on Nov 6, 2016.
             Was a High Priest of Cheibriados.
             Hit by a large rock thrown by a cyclops (25 damage)
             ... on level 11 of the Dungeon.
             The game lasted 00:13:10 (9620 turns).

hurricos the Brawler (Ghoul Wanderer)               Turns: 9620, Time: 00:13:11

Health: -12/84     AC: 13    Str: 33    XL:     11   Next: 64%
Magic:  10/13      EV: 10    Int: 20    God:    Cheibriados [*****.]
Gold:   568        SH: 16    Dex: 22    Spells: 0 memorised, 10 levels left

rFire  . . .     SeeInvis +       - Unarmed
rCold  + . .     Gourm    .     a - +2 scale mail
rNeg   + + +     Faith    .     M - +0 shield
rPois  ∞         Spirit   .     y - +0 helmet
rElec  .         Reflect  +     (no cloak)
rCorr  .         Harm     .     (no gloves)
MR     .....                    j - +2 pair of boots
Stlth  +.........               l - +5 amulet of reflection
                                n - ring of see invisible
                                O - +4 ring of strength

@: rotting, very slow
A: rotting body, claws 1, carnivore 3, cold resistance 1, negative energy
resistance 3, slow regeneration 1, torment resistance, unbreathing
a: Bend Time, Temporal Distortion, Slouch, Step From Time, Renounce Religion


You were on level 11 of the Dungeon.
You worshipped Cheibriados.
Cheibriados was extremely pleased with you.
You were not hungry.

You visited 2 branches of the dungeon, and saw 12 of its levels.
You also visited: Ossuary.

You collected 658 gold pieces.
You spent 90 gold pieces at shops.

Inventory:

Hand Weapons
 b - a +1 hand crossbow
 d - a +0 mace
Missiles
 c - 92 bolts
Armour
 a - a +2 scale mail (worn)
 j - a +2 pair of boots (worn)
 p - a +2 robe of magic resistance
 y - a +0 helmet (worn)
 M - a +0 shield (worn)
Jewellery
 e - an uncursed ring of protection from magic
 l - a +5 amulet of reflection (around neck)
 n - a ring of see invisible (right claw)
 O - a +4 ring of strength (left claw)
Wands
 q - a wand of iceblast (10/15)
 x - a wand of teleportation (8/9)
 I - a wand of lightning (9/15)
Scrolls
 g - 2 scrolls of teleportation
 i - 3 scrolls of enchant weapon
 k - a scroll of immolation
 m - 2 scrolls of amnesia {unknown}
 o - 2 scrolls of noise {unknown}
 s - a scroll of recharging {unknown}
 u - 12 scrolls of identify
 v - a scroll of vulnerability {unknown}
 B - 5 scrolls of remove curse
 C - 2 scrolls of random uselessness {unknown}
 D - a scroll of fog {unknown}
 H - a scroll of holy word {unknown}
 L - a scroll of enchant armour {unknown}
 P - a scroll of blinking
Potions
 h - 6 potions of curing
 r - a potion of cancellation
 t - 3 potions of brilliance
 F - 2 potions of invisibility
 G - a potion of agility {unknown}
 J - 3 potions of magic {unknown}
 K - a potion of heal wounds {unknown}
 N - a potion of flight
Comestibles
 f - 7 meat rations
 w - 6 beef jerkies
 z - 10 slices of pizza


   Skills:
 + Level 4.1 Fighting
 - Level 1.0 Maces & Flails
 - Level 1.0 Throwing
 + Level 3.3 Armour
 + Level 2.7 Dodging
 - Level 1.1 Stealth
 + Level 2.7 Shields
 - Level 16.4 Unarmed Combat
   Level 1.0 Transmutations
   Level 2.0 Poison Magic
 + Level 5.0 Invocations


You had 10 spell levels left.
You didn't know any spells.

Dungeon Overview and Level Annotations

Branches:
Dungeon (11/15)            Temple (1/1) D:5            Lair (0/6) D:9
    Orc (0/2) D:9

Altars:
Ashenzari
Cheibriados
Dithmenos
Elyvilon
Fedhas
Gozag
Hepliaklqana
Kikubaaqudgha
Makhleb
Nemelex Xobeh
Okawaru
Qazlal
Ru
Sif Muna
Trog
Uskayaw
Vehumet
Xom
Yredelemnul
Zin
The Shining One
Beogh

Shops:
D:9 ?


Innate Abilities, Weirdness & Mutations

Your body is rotting away.
You thrive on raw meat.
You are immune to poison.
You have sharp fingernails.
You are carnivorous and can eat meat at any time.
Your flesh is cold resistant. (rC+)
You are immune to negative energy. (rN+++)
You regenerate slowly when monsters are visible.
You are immune to unholy pain and torment.
You can survive without breathing.


Message History

Cheibriados thoroughly appreciates the change of pace.
Your Fighting skill increases to level 4!
The centaur warrior skeleton closely misses you. x2
Unknown command.
Okay, then.
You eviscerate the centaur warrior skeleton!!!
You destroy the centaur warrior skeleton!
Cheibriados thoroughly appreciates the change of pace.
Cheibriados raises the support of your attributes as your movement slows.
Your Invocations skill increases to level 5!
Found 24 stones.
Things that are here:
a giant spiked club; a hill giant corpse You see here a giant club.
There isn't anything to butcher here.
There isn't anything to butcher here.
A cyclops comes into view.
The cyclops shouts!
The cyclops throws a large rock.
The large rock hits you!!
You die...

.. ... ..## ...##
####### #..# #..>..#
#.##### .
#.....######..)@.#...#
#....>..............)..
#....<.....#####.....(.
#.....####.......##....
########....<...## ..C
#....###..# (. #.....
.. . ##.#.## #. .#


You could see a cyclops.

Vanquished Creatures
  3 hill giants
  Pikel (D:6)
  An ugly thing (D:11)
  Joseph (D:7)
  2 centaur skeletons
  A troll (D:11)
  A hornet (D:9)
  3 hippogriffs
  Sigmund (D:5)
  2 hogs (D:7)
  2 yaks (D:7)
  A human (D:7)
  The ghost of hurricos the Grappler, an amateur FoSk (D:4)
  Duvessa (D:5)
  4 ice beasts
  8 orc warriors
  3 sky beasts
  A slave (D:6)
  2 black bears
  2 necrophages
  3 ogres
  3 phantoms
  3 centaurs
  A crocodile (D:10)
  A big kobold (D:7)
  2 elf zombies (Ossuary)
  4 bullfrogs
  Dowan (D:5)
  A scorpion (D:7)
  4 killer bees (D:9)
  3 crimson imps (D:5)
  4 centaur zombies
  2 jellies
  15 orc priests
  3 hounds
  A quasit (D:5)
  A bullfrog skeleton (D:7)
  7 human zombies (Ossuary)
  An iguana (D:7)
  Natasha (thrice) (D:2)
  6 orc wizards
  4 worker ants
  A hound zombie (D:9)
  3 hound skeletons
  3 mummies (Ossuary)
  A howler monkey zombie (D:5)
  2 worker ant zombies
  10 gnolls
  A howler monkey skeleton (D:9)
  16 adders
  2 adder skeletons
  An adder zombie (D:9)
  2 worms (D:2)
  5 dart slugs
  6 leopard geckos
  43 orcs
  7 bats
  3 giant cockroaches
  2 gnoll zombies (D:7)
  17 goblins
  11 hobgoblins
  10 jackals
  4 quokkas
  4 frilled lizards
  14 kobolds
  A leopard gecko zombie (D:6)
  4 rats
287 creatures vanquished.

Vanquished Creatures (others)
  Eustachio (D:6)
  A slave (D:6)
  2 centaurs (D:10)
  An orc (D:10)
  4 goblins (D:6)
9 creatures vanquished.

Grand Total: 296 creatures vanquished

Notes
Turn   | Place    | Note
-------+----------+-------------------------------------------
     0 | D:1      | hurricos the Ghoul Wanderer began the quest for the Orb.
     0 | D:1      | hurricos set off with: a +2 scale mail, a +0 hand crossbow, 27 bolts, a +0 mace, a meat ration
     0 | D:1      | Reached XP level 1. HP: 17/17 MP: 0/0
   208 | D:1      | Reached skill level 1 in Unarmed Combat
   258 | D:1      | Reached XP level 2. HP: 22/22 MP: 1/1
   314 | D:1      | Reached skill level 2 in Unarmed Combat
   590 | D:1      | Reached XP level 3. HP: 22/29 MP: 2/2
   777 | D:1      | Reached skill level 3 in Unarmed Combat
  1028 | D:2      | Noticed Natasha
  1041 | D:2      | Killed Natasha
  1041 | D:2      | Reached skill level 4 in Unarmed Combat
  1041 | D:2      | Reached XP level 4. HP: 29/36 MP: 3/3
  1383 | D:2      | Found a deep blue altar of Sif Muna.
  1411 | D:2      | Reached XP level 5. HP: 41/41 MP: 4/4
  1435 | D:2      | Reached skill level 5 in Unarmed Combat
  1460 | D:2      | Noticed Natasha
  1480 | D:2      | Killed Natasha
  1509 | D:2      | Found a sparkling altar of Nemelex Xobeh.
  1685 | D:2      | Noticed Natasha
  1692 | D:2      | Killed Natasha
  1988 | D:3      | Found a burning altar of Makhleb.
  2079 | D:3      | Reached skill level 6 in Unarmed Combat
  2083 | D:3      | Reached XP level 6. HP: 39/48 MP: 5/5
  3196 | D:4      | Noticed hurricos's ghost (amateur FoSk)
  3198 | D:3      | Reached skill level 7 in Unarmed Combat
  3255 | D:4      | Killed hurricos's ghost
  3255 | D:4      | Reached skill level 8 in Unarmed Combat
  3255 | D:4      | Reached XP level 7. HP: 26/55 MP: 6/6
  3295 | D:4      | Found a sand-covered staircase.
  3299 | Ossuary  | Entered an ossuary
  3532 | Ossuary  | Reached skill level 9 in Unarmed Combat
  3830 | Ossuary  | Reached XP level 8. HP: 46/60 MP: 7/7
  3861 | Ossuary  | Reached skill level 10 in Unarmed Combat
  4279 | D:4      | Found an iron altar of Okawaru.
  4413 | D:5      | Entered Level 5 of the Dungeon
  4515 | D:5      | Found a staircase to the Ecumenical Temple.
  4587 | Temple   | Entered the Ecumenical Temple
  4623 | Temple   | Became a worshipper of Cheibriados the Contemplative
  4659 | D:5      | Noticed Dowan
  4660 | D:5      | Noticed Duvessa
  4876 | D:5      | Found a glowing golden altar of the Shining One.
  4975 | D:5      | Noticed Sigmund
  4992 | D:5      | Killed Sigmund
  4992 | D:5      | Reached skill level 11 in Unarmed Combat
  5116 | D:5      | Reached skill level 12 in Unarmed Combat
  5116 | D:5      | Reached XP level 9. HP: 17/67 MP: 8/8
  5404 | D:5      | Killed Duvessa
  5410 | D:5      | Killed Dowan
  5492 | D:6      | Reached * piety under Cheibriados
  5493 | D:6      | Noticed Pikel
  5502 | D:6      | Killed Pikel
  5502 | D:6      | Reached skill level 13 in Unarmed Combat
  5786 | D:6      | Noticed Eustachio
  5786 | D:6      | Killed Eustachio
  5864 | D:6      | Found a hazy altar of Hepliaklqana.
  5864 | D:6      | Found a hide-covered altar of Uskayaw.
  5870 | D:6      | Found a faded altar of an unknown god.
  5872 | D:6      | Found a faded altar of an unknown god.
  5874 | D:6      | Found a faded altar of an unknown god.
  5931 | D:6      | Reached ** piety under Cheibriados
  5931 | D:6      | Reached skill level 14 in Unarmed Combat
  6163 | D:7      | Reached XP level 10. HP: 57/73 MP: 9/9
  6500 | D:7      | Noticed Joseph
  6515 | D:7      | Killed Joseph
  6515 | D:7      | Reached skill level 15 in Unarmed Combat
  6549 | D:7      | Found a basalt altar of Yredelemnul.
  6799 | D:7      | Found a stormy altar of Qazlal.
  6934 | D:8      | Reached *** piety under Cheibriados
  7597 | D:8      | Found a shimmering altar of Xom.
  7599 | D:8      | Found a snail-covered altar of Cheibriados.
  7599 | D:8      | Found an ancient bone altar of Kikubaaqudgha.
  7601 | D:8      | Found an iron altar of Okawaru.
  7601 | D:8      | Found an iron altar of Okawaru.
  7601 | D:8      | Found a sacrificial altar of Ru.
  7815 | D:9      | Found a staircase to the Orcish Mines.
  8070 | D:9      | Found a roughly hewn altar of Beogh.
  8074 | D:9      | Reached skill level 16 in Unarmed Combat
  8074 | D:9      | Reached **** piety under Cheibriados
  8074 | D:9      | Reached skill level 1 in Invocations
  8314 | D:9      | Found a staircase to the Lair.
  8410 | D:9      | Found a burning altar of Makhleb.
  8455 | D:9      | Found a glowing golden altar of the Shining One.
  8455 | D:9      | Found a glowing silver altar of Zin.
  8455 | D:9      | Found a white marble altar of Elyvilon.
  8536 | D:9      | Found Yroci's Magic Scroll Boutique.
  8549 | D:9      | Reached XP level 11. HP: 74/79 MP: 10/12
  8556 | D:9      | Bought a scroll of blinking for 90 gold pieces
  8714 | D:9      | Found a roughly hewn altar of Beogh.
  8939 | D:10     | Entered Level 10 of the Dungeon
  8974 | D:10     | Reached ***** piety under Cheibriados
  9136 | D:10     | Reached skill level 1 in Shields
  9169 | D:10     | Reached skill level 1 in Dodging
  9306 | D:10     | Noticed a hill giant
  9312 | D:10     | Killed a hill giant
  9596 | D:11     | Noticed a white ugly thing
  9597 | D:11     | Noticed a hill giant
  9599 | D:11     | Noticed a hill giant
  9605 | D:11     | Killed a white ugly thing
  9610 | D:11     | Killed a hill giant
  9611 | D:11     | Killed a hill giant
  9617 | D:11     | Reached skill level 5 in Invocations
  9620 | D:11     | Noticed a cyclops
  9620 | D:11     | Hit by a large rock thrown by a cyclops

Skill      XL: |  1  2  3  4  5  6  7  8  9 10 11 |
---------------+----------------------------------+-----
Unarmed Combat | 1 2 4 6 8 9 12 14 16 | 16.4
Invocations    | 2 5 |  5.0
Armour         | 3 |  3.3
Shields        | 2 |  2.7
Dodging        | 2 |  2.7
Fighting       | 4 |  4.1
Maces & Flails | |  1.0
Throwing       | |  1.0
Stealth        | |  1.1
Transmutations | |  1.0
Poison Magic   | |  2.0

Action                   |  1- 3 |  4- 6 |  7- 9 | 10-12 || total
-------------------------+-------+-------+-------+-------++-------
Melee: Unarmed           |   202 |   245 |   428 |   260 ||  1135
       Punch             |       |     3 |    15 |    11 ||    29
Invok: Slouch            |       |       |       |     1 ||     1
  Use: Scroll            |       |     1 |     5 |     3 ||     9
       Potion            |       |       |    13 |     2 ||    15
  Eat: Chunk             |    18 |    17 |    20 |    22 ||    77
       Royal jelly       |       |       |     1 |       ||     1
       Meat ration       |       |       |       |     1 ||     1
Armor: Scale mail        |   108 |   122 |   213 |    86 ||   529
Dodge: Dodged            |   101 |   123 |   164 |    88 ||   476
Block: Other             |       |       |       |     6 ||     6
       Shield            |       |       |       |    65 ||    65
       Reflection        |       |       |       |    16 ||    16
